 Dungeon Crawl Stone Soup version 0.21.1-1-g345015f (webtiles) character file.

86 letownia2 the Conjurer (level 4, 0/24 HPs)
             Began as a Tengu Wizard on Mar 4, 2018.
             Engulfed by a cloud of noxious fumes (2 damage)
             ... on level 6 of the Dungeon.
             The game lasted 00:05:15 (734 turns).

letownia2 the Conjurer (Tengu Wizard)                Turns: 734, Time: 00:05:16

Health: 0/24       AC:  3    Str:  8    XL:     4   Next: 49%
Magic:  0/9        EV: 12    Int: 19    God:
Gold:   75         SH:  0    Dex: 12    Spells: 3/9 levels left

rFire    . . .     SeeInvis .   l - +1 short sword (elec)
rCold    . . .     Gourm    .   (no shield)
rNeg     . . .     Faith    .   i - +0 leather armour
rPois    .         Spirit   .   b - +0 hat
rElec    .         Reflect  .   (no cloak)
rCorr    .         Harm     .   (no gloves)
MR       .....                  (boots unavailable)
Stlth    +.........             (no amulet)
HPRegen  0.08/turn              (no ring)
MPRegen  0.11/turn              (no ring)

@: confused, very slightly contaminated
A: beak, talons 3
a: no special abilities


You were on level 6 of the Dungeon.
You were not hungry.

You visited 1 branch of the dungeon, and saw 6 of its levels.

You collected 75 gold pieces.

Inventory:

Hand Weapons
 l - a +1 short sword of electrocution (weapon)
Armour
 b - a +0 hat (worn)
 i - a +0 leather armour (worn)
Scrolls
 f - 2 scrolls of identify {unknown}
 h - a scroll of enchant weapon {unknown}
 k - a scroll of fog {unknown}
 m - 2 scrolls of random uselessness {unknown}
 n - a scroll of fear {unknown}
Potions
 a - a potion of brilliance {unknown}
 e - 2 potions of mutation {unknown}
 g - a potion of lignification {unknown}
 j - a potion of heal wounds
 o - 3 potions of degeneration {unknown}
Books
 c - a book of Minor Magic

   Spells                             Type                      Level
   a - Magic Dart                     Conjuration                  1
   b - Blink                          Translocation                2
   c - Call Imp                       Summoning                    2
   d - Slow                           Hexes                        2
   e - Conjure Flame                  Conjuration/Fire             3
   f - Mephitic Cloud                 Conjuration/Poison/Air       3
Comestibles
 d - 7 rations


   Skills:
 - Level 2.1 Dodging
 - Level 2.0 Stealth
 - Level 3.0 Spellcasting
 + Level 4.9 Conjurations
 - Level 1.2 Summonings
   Level 0.7 Translocations
 + Level 2.3 Air Magic


You had 3 spell levels left.
You knew the following spells:

 Your Spells              Type           Power        Failure   Level  Hunger
a - Magic Dart            Conj           ###.         3%          1    None
e - Mephitic Cloud        Conj/Pois/Air  ##......     24%         3    ###....
i - Call Imp              Summ           #.......     21%         2    ##.....


Dungeon Overview and Level Annotations

Branches:
Dungeon (7/15)
 Temple: D:4-7

Altars:

Annotations:
D:7 Pikel


Innate Abilities, Weirdness & Mutations

You have a beak for a mouth.
You have claws for feet.


Message History

That beam is likely to hit you.
Continue anyway?
The ball explodes into a vile cloud!
The stinking cloud engulfs the orc.
The orc is moderately wounded.
The stinking cloud engulfs the bullfrog.
The stinking cloud engulfs you!
You are engulfed in noxious fumes.
You choke on the stench!
You are confused.
* * * LOW HITPOINT WARNING * * *
You hear an angry hiss.
The bullfrog is engulfed in noxious fumes.
The orc is engulfed in noxious fumes.
The orc appears confused.
The orc misses the bullfrog.
The orc misses you.
The bullfrog is engulfed in noxious fumes.
The bullfrog appears confused.
Unknown command.
You closely miss the orc. Your kick misses the orc.
The orc is heavily wounded.
You are engulfed in noxious fumes.
You choke on the stench!
You are more confused.
You die...

##..###..# ...
#..# #.#.#..
#..###.##.#.##
#.............
#.####.#.#####
#. #F#.# #.
#ยง# # #. #o#
.. #@# ## #.#
#.# #.# #.#
#.# #.# #.#
#.#


You could see a bullfrog (confused) and an orc (confused).

Vanquished Creatures
  A hound (D:6)
  2 adders (D:2)
  2 oozes
  2 orcs (D:6)
  A ball python (D:2)
  5 bats
  4 goblins
  4 hobgoblins
  2 jackals (D:4)
  A kobold (D:2)
  A quokka (D:2)
25 creatures vanquished.

Notes
Turn   | Place    | Note
-------+----------+-------------------------------------------
     0 | D:1      | letownia2 the Tengu Wizard began the quest for the Orb.
     0 | D:1      | Reached XP level 1. HP: 10/10 MP: 5/5
   153 | D:1      | Reached skill level 2 in Conjurations
   235 | D:1      | Reached XP level 2. HP: 10/15 MP: 0/7
   251 | D:1      | Learned a level 2 spell: Call Imp
   278 | D:2      | Reached skill level 3 in Conjurations
   450 | D:2      | Reached skill level 4 in Conjurations
   450 | D:2      | Reached XP level 3. HP: 16/19 MP: 3/8
   455 | D:2      | Learned a level 3 spell: Mephitic Cloud
   517 | D:2      | Reached skill level 1 in Air Magic
   626 | D:4      | You fall through a shaft for 3 floors!
   626 | D:7      | Noticed Pikel
   626 | D:7      | Noticed a slave
   626 | D:7      | Noticed a slave
   626 | D:7      | Noticed a slave
   626 | D:7      | Noticed a slave
   627 | D:7      | Noticed a bullfrog
   720 | D:6      | Reached XP level 4. HP: 2/24 MP: 1/9
   723 | D:6      | Noticed a bullfrog
   734 | D:6      | Engulfed by a cloud of noxious fumes

Skill      XL: |  1  2  3 |
---------------+----------+-----
Conjurations   | 2 4 |  4.9
Air Magic      | 2 |  2.3
Dodging        | |  2.1
Stealth        | |  2.0
Spellcasting   | |  3.0
Summonings     | |  1.2
Translocations | |  0.7

Action                   |  1- 3 |  4- 6 || total
-------------------------+-------+-------++-------
Melee: Unarmed           |    15 |       ||    15
       Peck              |     4 |     1 ||     5
       Kick              |     1 |       ||     1
       Short sword       |     4 |     3 ||     7
 Cast: Magic Dart        |    57 |       ||    57
       Mephitic Cloud    |     2 |     1 ||     3
Armor: Robe              |     2 |       ||     2
       Leather armour    |     5 |       ||     5
Dodge: Dodged            |    24 |     3 ||    27
